Mustangs vs Monarchs
Created - 23 novembre 2016 at 23:47
Goals
|
| Mustangs |
1 |
1 |
0 |
2 |
| Monarchs |
4 |
1 |
3 |
8 |
|
Shots
|
| Mustangs |
14 |
4 |
14 |
32 |
| Monarchs |
21 |
5 |
13 |
39 |
|
1st period
1. Mustangs , Ryan Keller 9 (Rick Schofield, Cameron Gaunce) at 0:38
2. Monarchs , Riley Cote 1 (Theo Peckham, Zac Rinaldo) at 0:42
3. Monarchs , Shawn Matthias 4 (Brent Sopel, Justin Williams) at 2:56
4. Monarchs , Justin Williams 11 (Shawn Matthias) at 8:06
5. Monarchs , Cam Atkinson 2 (Tyler Toffoli) at 18:03
Penalties :
No Penalty
2nd period
6. Monarchs , Tyler Toffoli 3 (Matt Martin, Theo Peckham) at 0:32
7. Mustangs , Marcus Foligno 6 (Joe Finley, Cameron Gaunce) at 12:55
Penalties :
Zac Rinaldo (MAN) for Fighting (Major) at 3:06, Reilly Smith (Ham) for Fighting (Major) at 3:06, Zac Rinaldo (MAN) for instigated a fight (Minor) at 3:06, Zac Rinaldo (MAN) for instigated a fight (10 Minutes Misconduct) at 3:06, Cam Atkinson (MAN) for Tripping (Minor) at 8:56
3rd period
8. Monarchs , Matt Martin 12 (Cam Atkinson, Tyler Toffoli) at 2:01
9. Monarchs , Riley Cote 2 (Tyson Barrie, Kris Russell) at 10:58
10. Monarchs , Matt Martin 13 (Tyler Toffoli, Matt Tennyson) at 13:38
Penalties :
Brent Sopel (MAN) for High sticking (Minor) at 16:54
Goalie Stats
Peter Mannino (Ham), 17 saves from 22 shots - (0,773), L, 4-3-2, 20:32 minutes
Chet Pickard (Ham), 14 saves from 17 shots - (0,824), 39:28 minutes
Jhonas Enroth (MAN), 30 saves from 32 shots - (0,938), W, 3-2-3, 60:00 minutes
Players Stats for Mustangs
Player Name G A P +/- PIM S H SB GA TA FO MP PP MP PK MP
------------------------------------------------------------------------------------
Alexei Marchenko 0 0 0 -2 0 0 0 0 0 1 0/0 21:07 2:26 0:00
Brandon Saad 0 0 0 -1 0 0 1 0 0 0 0/1 12:28 0:03 0:00
Cameron Gaunce 0 2 2 -3 0 2 2 4 0 1 0/0 25:55 3:31 0:00
Eric Knodel 0 0 0 -1 0 0 2 0 0 0 0/0 12:58 0:00 0:00
Eric Wellwood 0 0 0 -3 0 1 0 0 0 0 1/3 19:41 3:13 0:00
J.T. Wyman 0 0 0 -1 0 1 0 0 0 0 0/0 8:12 1:11 0:00
Jerome Samson 0 0 0 0 0 3 0 0 0 0 0/0 11:32 0:13 0:00
Jim O'Brien 0 0 0 -1 0 1 0 1 2 0 1/4 12:13 0:10 0:00
Joe Finley 0 1 1 -3 0 0 1 0 0 5 0/0 25:55 3:31 0:00
Joshua Leivo 0 0 0 0 0 1 0 0 0 0 0/0 10:22 0:00 0:00
Marcus Foligno 1 0 1 -2 0 3 6 0 0 0 0/0 18:28 2:41 0:00
Mark Pysyk 0 0 0 -2 0 0 2 0 0 1 0/0 20:53 2:26 0:00
Reilly Smith 0 0 0 -3 5 6 0 0 0 0 1/2 18:56 2:05 0:00
Rick Schofield 0 1 1 -2 0 2 0 0 1 0 7/14 17:19 2:31 0:00
Riley Armstrong 0 0 0 -3 0 4 3 0 2 0 17/30 22:36 3:13 0:00
Riley Nash 0 0 0 0 0 3 1 0 1 0 0/4 10:22 0:00 0:00
Ryan Keller 1 0 1 -2 0 5 1 0 0 0 0/0 17:50 2:31 0:00
Scott Mayfield 0 0 0 -1 0 0 3 0 0 0 0/0 13:12 0:00 0:00
Players Stats for Monarchs
Player Name G A P +/- PIM S H SB GA TA FO MP PP MP PK MP
------------------------------------------------------------------------------------
Alexandre Grenier 0 0 0 2 0 1 2 0 0 0 0/1 12:34 0:00 1:02
Andrew Shaw 0 0 0 0 0 0 0 0 0 0 0/0 8:32 0:00 0:00
Brent Sopel 0 1 1 1 2 1 1 2 0 0 0/0 23:29 0:00 2:27
Cam Atkinson 1 1 2 2 2 4 2 0 1 0 1/1 18:26 0:00 2:12
Joe Morrow 0 0 0 0 0 0 0 0 0 0 0/0 5:34 0:00 0:35
Justin Williams 1 1 2 2 0 4 2 0 0 0 0/0 17:23 0:00 0:00
Kris Russell 0 1 1 0 0 0 2 2 0 0 0/0 11:03 0:00 0:46
Kyle Clifford 0 0 0 2 0 4 1 0 1 0 1/3 19:41 0:00 1:56
Matt Martin 2 1 3 2 0 5 2 0 0 0 0/0 15:52 0:00 0:15
Matt Tennyson 0 1 1 1 0 2 0 4 0 3 0/0 24:29 0:00 3:48
Riley Cote 2 0 2 2 0 5 1 0 1 0 2/4 14:54 0:00 3:00
Ryan White 0 0 0 0 0 2 0 1 0 0 2/3 9:27 0:00 0:00
Shawn Matthias 1 1 2 1 0 4 2 2 1 0 12/21 19:17 0:00 1:21
Theo Peckham 0 2 2 5 0 1 1 0 2 1 0/0 20:15 0:00 2:09
Tom Gilbert 0 0 0 5 0 2 1 0 0 0 0/0 20:15 0:00 2:09
Tyler McNeely 0 0 0 0 0 1 2 0 0 0 0/0 11:13 0:00 1:14
Tyler Toffoli 1 3 4 3 0 1 1 0 2 0 9/18 17:50 0:00 0:54
Tyson Barrie 0 1 1 0 0 1 0 0 0 2 0/0 15:16 0:00 0:00
Zac Rinaldo 0 1 1 2 17 1 0 0 0 0 4/7 8:30 0:00 0:00
3 Stars
1 - Tyler Toffoli (MAN)
2 - Matt Martin (MAN)
3 - Riley Cote (MAN)
Power Play
Mustangs - 0 on 3 Attempt(s) - 0,00%
Monarchs - 0 on 0 Attempt(s) - 0,00%
Penalty Kill
Mustangs - 0 on 0 Attempt(s) - 0,00%
- Score 0 goal in Penalty Kill
Monarchs - 3 on 3 Attempt(s) - 100,00%
- Score 0 goal in Penalty Kill
Team Stat
Mustangs - Hits : 22 - Faceoff Wins : 27 - Blocked Shots : 5 - Penalty Minutes : 5
Monarchs - Hits : 20 - Faceoff Wins : 31 - Blocked Shots : 11 - Penalty Minutes : 21
Official
Referees : Kimmerly Greg and Pochmara Brian
Linesman : Brad Kovachik and Mark Pare
Game Notes
Chet Pickard enters game at 0:32 of 2nd period
Reilly Smith beats up Zac Rinaldo at 3:06 of 2nd period
J.T. Wyman is injured at 14:00 of 2nd period (Right Hand)
Finance
Level 1 -- Attendance: 1433 (71,65%) -- Ticket Income 57 320 $
Level 2 -- Attendance: 670 (67,00%) -- Ticket Income 13 400 $
Total Attendance: 2103 (70,10%)
Total Ticket Income: 70 720 $
Other Income: 3 536 $
Total Income: 74 256 $
Mustangs
5 vs 5 Forward
Center Left Wing Right Wing Time % Phy DF OF
1 Riley Armstrong Eric Wellwood Reilly Smith 40 0 2 3
2 Rick Schofield Marcus Foligno Ryan Keller 30 0 2 3
3 Jim O'Brien Brandon Saad J.T. Wyman 20 0 2 3
4 Riley Nash Joshua Leivo Jerome Samson 10 0 2 3
5 vs 5 Defense
Defense Defense Time % Phy DF OF
1 Joe Finley Cameron Gaunce 45 1 2 2
2 Alexei Marchenko Mark Pysyk 33 1 2 2
3 Eric Knodel Scott Mayfield 22 1 2 2
4 Alexei Marchenko Scott Mayfield 0 1 2 2
PowerPlay Forward
Center Left Wing Right Wing Time % Phy DF OF
1 Riley Armstrong Eric Wellwood Reilly Smith 60 0 0 5
2 Rick Schofield Marcus Foligno Ryan Keller 40 0 0 5
PowerPlay Defense
Defense Defense Time % Phy DF OF
1 Joe Finley Cameron Gaunce 60 0 1 4
2 Alexei Marchenko Mark Pysyk 40 0 1 4
Penalty Kill 4 Players Forward
Center Wing Time % Phy DF OF
1 Riley Armstrong Eric Wellwood 60 0 5 0
2 Rick Schofield J.T. Wyman 40 0 5 0
Penalty Kill 4 Players Defense
Defense Defense Time % Phy DF OF
1 Joe Finley Cameron Gaunce 60 1 4 0
2 Alexei Marchenko Mark Pysyk 40 1 4 0
Penalty Kill - 3 Players Forward
Forward Time % Phy DF OF
1 Eric Wellwood 60 0 5 0
2 Riley Armstrong 40 0 5 0
Penalty Kill - 3 Players Defense
Defense Defense Time % Phy DF OF
1 Joe Finley Cameron Gaunce 60 1 4 0
2 Alexei Marchenko Mark Pysyk 40 1 4 0
4 vs 4 Forward
Center Wing Time % Phy DF OF
1 Riley Armstrong Reilly Smith 60 0 1 4
2 Rick Schofield Ryan Keller 40 0 1 4
4 vs 4 Defense
Defense Defense Time % Phy DF OF
1 Joe Finley Cameron Gaunce 60 0 2 3
2 Alexei Marchenko Mark Pysyk 40 0 2 3
Last Minutes Offensive
Center Left Wing Right Wing Defense Defense
Riley Armstrong Eric Wellwood Reilly Smith Joe Finley Cameron Gaunce
Last Minutes Defensive
Center Left Wing Right Wing Defense Defense
Rick Schofield Marcus Foligno J.T. Wyman Alexei Marchenko Cameron Gaunce
Goaltenders
Starting : Peter Mannino
Backup : Chet Pickard
Extra Forwards
Normal : Riley Armstrong, Marcus Foligno, Ryan Keller - PP : J.T. Wyman, Eric Wellwood - PK : Eric Wellwood
Extra Defensemen
Normal : Joe Finley, Mark Pysyk, Alexei Marchenko - PP : Cameron Gaunce - PK : Joe Finley, Mark Pysyk
Penalty Shots
J.T. Wyman, Reilly Smith, Marcus Foligno, Eric Wellwood, Ryan Keller
Monarchs
5 vs 5 Forward
Center Left Wing Right Wing Time % Phy DF OF
1 Shawn Matthias Kyle Clifford Justin Williams 40 1 2 2
2 Tyler Toffoli Matt Martin Cam Atkinson 35 1 2 2
3 Zac Rinaldo Riley Cote Alexandre Grenier 20 1 2 2
4 Ryan White Tyler McNeely Andrew Shaw 5 2 2 1
5 vs 5 Defense
Defense Defense Time % Phy DF OF
1 Brent Sopel Matt Tennyson 40 1 3 1
2 Tom Gilbert Theo Peckham 35 1 3 1
3 Kris Russell Tyson Barrie 20 1 3 1
4 Tyson Barrie Joe Morrow 5 1 3 1
PowerPlay Forward
Center Left Wing Right Wing Time % Phy DF OF
1 Tyler Toffoli Kyle Clifford Justin Williams 60 0 1 4
2 Shawn Matthias Matt Martin Cam Atkinson 40 1 1 3
PowerPlay Defense
Defense Defense Time % Phy DF OF
1 Brent Sopel Tom Gilbert 60 0 3 2
2 Joe Morrow Tyson Barrie 40 0 3 2
Penalty Kill 4 Players Forward
Center Wing Time % Phy DF OF
1 Riley Cote Cam Atkinson 60 1 2 2
2 Shawn Matthias Alexandre Grenier 40 1 2 2
Penalty Kill 4 Players Defense
Defense Defense Time % Phy DF OF
1 Brent Sopel Matt Tennyson 60 1 2 2
2 Tom Gilbert Theo Peckham 40 1 2 2
Penalty Kill - 3 Players Forward
Forward Time % Phy DF OF
1 Riley Cote 60 1 3 1
2 Shawn Matthias 40 1 3 1
Penalty Kill - 3 Players Defense
Defense Defense Time % Phy DF OF
1 Brent Sopel Matt Tennyson 60 1 4 0
2 Tom Gilbert Theo Peckham 40 1 4 0
4 vs 4 Forward
Center Wing Time % Phy DF OF
1 Shawn Matthias Tyler Toffoli 60 1 2 2
2 Matt Martin Kyle Clifford 40 1 2 2
4 vs 4 Defense
Defense Defense Time % Phy DF OF
1 Brent Sopel Matt Tennyson 60 1 2 2
2 Tom Gilbert Theo Peckham 40 1 2 2
Last Minutes Offensive
Center Left Wing Right Wing Defense Defense
Shawn Matthias Matt Martin Justin Williams Brent Sopel Tom Gilbert
Last Minutes Defensive
Center Left Wing Right Wing Defense Defense
Shawn Matthias Matt Martin Justin Williams Brent Sopel Theo Peckham
Goaltenders
Starting : Jhonas Enroth
Backup : Christopher Gibson
Extra Forwards
Normal : Tyler Toffoli, Tyler McNeely, Ryan White - PP : Andrew Shaw, Zac Rinaldo - PK : Kyle Clifford
Extra Defensemen
Normal : Kris Russell, Matt Tennyson, Theo Peckham - PP : Matt Tennyson - PK : Kris Russell, Joe Morrow
Penalty Shots
Justin Williams, Riley Cote, Cam Atkinson, Matt Martin, Shawn Matthias
% Time on Ice - Mustangs
Lines # - Real PCT - Wanted PCT - Time Play
Normal Forward
1 - 31% - 40% - 16:50
2 - 27% - 30% - 14:48
3 - 22% - 20% - 12:03
4 - 19% - 10% - 10:22
Normal Defense
1 - 41% - 45% - 22:24
2 - 34% - 33% - 18:27
3 - 24% - 22% - 12:58
4 - 0% - 0% - 0:14
PP Forward
1 - 58% - 60% - 3:26
2 - 42% - 40% - 2:31
PP Defense
1 - 59% - 60% - 3:31
2 - 41% - 40% - 2:26
PK Forward
1 - 0% - 60%
2 - 0% - 40%
PK Defense
1 - 0% - 60%
2 - 0% - 40%
PK3 Forward
1 - 0% - 60%
2 - 0% - 40%
PK3 Defense
1 - 0% - 60%
2 - 0% - 40%
44 Forward
1 - 0% - 60%
2 - 0% - 40%
44 Defense
1 - 0% - 60%
2 - 0% - 40%
Last Minute Offensive - 0:00
Last Minute Defensive - 0:00
Total
Forward - 60:00
Defense - 60:00
|
% Time on Ice - Monarchs
Lines # - Real PCT - Wanted PCT - Time Play
Normal Forward
1 - 34% - 40% - 18:23
2 - 29% - 35% - 15:37
3 - 21% - 20% - 11:31
4 - 16% - 5% - 8:32
Normal Defense
1 - 38% - 40% - 20:41
2 - 33% - 35% - 18:06
3 - 19% - 20% - 10:17
4 - 9% - 5% - 4:59
PP Forward
1 - 0% - 60%
2 - 0% - 40%
PP Defense
1 - 0% - 60%
2 - 0% - 40%
PK Forward
1 - 83% - 60% - 4:55
2 - 17% - 40% - 1:02
PK Defense
1 - 64% - 60% - 3:48
2 - 36% - 40% - 2:09
PK3 Forward
1 - 0% - 60%
2 - 0% - 40%
PK3 Defense
1 - 0% - 60%
2 - 0% - 40%
44 Forward
1 - 0% - 60%
2 - 0% - 40%
44 Defense
1 - 0% - 60%
2 - 0% - 40%
Last Minute Offensive - 0:00
Last Minute Defensive - 0:00
Total
Forward - 60:00
Defense - 60:00
|
Play by Play
1st period
0:01 of 1st period - Eric Wellwood wins face-off versus Shawn Matthias in neutral zone.
0:04 of 1st period - Snap shot by Reilly Smith.
0:04 of 1st period - Shot Blocked by Matt Tennyson.
0:22 of 1st period - Cameron Gaunce is hit by Justin Williams.
0:32 of 1st period - Wrist shot by Rick Schofield.
0:32 of 1st period - Deflect By Ryan Keller.
0:32 of 1st period - Stopped by Jhonas Enroth with a rebound.
0:34 of 1st period - Slapshot by Ryan Keller.
0:34 of 1st period - Shot Blocked by Matt Tennyson.
0:36 of 1st period - Snap shot by Rick Schofield.
0:36 of 1st period - Shot Misses the Net.
0:38 of 1st period - Slapshot by Ryan Keller.
0:38 of 1st period - Goal by Ryan Keller - Mustangs : 1 - Monarchs : 0.
0:39 of 1st period - Zac Rinaldo wins face-off versus Brandon Saad in neutral zone.
0:42 of 1st period - Slapshot by Theo Peckham.
0:42 of 1st period - Deflect By Riley Cote.
0:42 of 1st period - Goal by Riley Cote - Mustangs : 1 - Monarchs : 1.
0:43 of 1st period - Zac Rinaldo wins face-off versus Jim O'Brien in neutral zone.
0:46 of 1st period - J.T. Wyman is hit by Alexandre Grenier and loses puck.
0:55 of 1st period - Snap shot by Riley Cote.
0:55 of 1st period - Shot Misses the Net.
0:57 of 1st period - Slapshot by Riley Cote.
0:57 of 1st period - Stopped by Peter Mannino without a rebound.
0:58 of 1st period - Tyler Toffoli wins face-off versus Riley Nash in Mustangs zone.
1:09 of 1st period - Slapshot by Joshua Leivo.
1:09 of 1st period - Stopped by Jhonas Enroth with a rebound.
1:11 of 1st period - Slapshot by Alexei Marchenko.
1:11 of 1st period - Deflect By Riley Nash.
1:11 of 1st period - Stopped by Jhonas Enroth with a rebound.
1:13 of 1st period - Slapshot by Mark Pysyk.
1:13 of 1st period - Shot Misses the Net.
1:23 of 1st period - Alexei Marchenko is hit by Kris Russell.
2:07 of 1st period - Slapshot by Tom Gilbert.
2:07 of 1st period - Deflect By Eric Wellwood.
2:07 of 1st period - Stopped by Peter Mannino without a rebound.
2:08 of 1st period - Zac Rinaldo wins face-off versus Riley Armstrong in Mustangs zone.
2:19 of 1st period - Slapshot by Riley Cote.
2:19 of 1st period - Stopped by Peter Mannino without a rebound.
2:20 of 1st period - Rick Schofield wins face-off versus Tyler Toffoli in Mustangs zone.
2:47 of 1st period - Mark Pysyk is hit by Shawn Matthias and loses puck.
2:52 of 1st period - Snap shot by Justin Williams.
2:52 of 1st period - Shot Misses the Net.
2:54 of 1st period - Slapshot by Brent Sopel.
2:54 of 1st period - Shot Misses the Net.
2:56 of 1st period - Snap shot by Shawn Matthias.
2:56 of 1st period - Goal by Shawn Matthias - Mustangs : 1 - Monarchs : 2.
2:57 of 1st period - Shawn Matthias wins face-off versus Rick Schofield in neutral zone.
3:04 of 1st period - Snap shot by Justin Williams.
3:04 of 1st period - Shot Misses the Net.
4:26 of 1st period - Slapshot by Rick Schofield.
4:26 of 1st period - Stopped by Jhonas Enroth with a rebound.
4:28 of 1st period - Snap shot by Eric Knodel.
4:28 of 1st period - Shot Misses the Net.
4:30 of 1st period - Wrist shot by Rick Schofield.
4:30 of 1st period - Shot Blocked by Shawn Matthias.
4:45 of 1st period - Mark Pysyk is hit by Theo Peckham and loses puck.
5:14 of 1st period - Snap shot by Reilly Smith.
5:14 of 1st period - Stopped by Jhonas Enroth with a rebound.
5:22 of 1st period - Snap shot by Reilly Smith.
5:22 of 1st period - Shot Blocked by Ryan White.
5:26 of 1st period - Wrist shot by Riley Armstrong.
5:26 of 1st period - Stopped by Jhonas Enroth without a rebound.
5:27 of 1st period - Shawn Matthias wins face-off versus Rick Schofield in Monarchs zone.
5:27 of 1st period - Shawn Matthias is hit by Ryan Keller.
5:35 of 1st period - Snap shot by Rick Schofield.
5:35 of 1st period - Shot Blocked by Kris Russell.
5:37 of 1st period - Slapshot by Cameron Gaunce.
5:37 of 1st period - Shot Misses the Net.
5:53 of 1st period - Cam Atkinson is hit by Cameron Gaunce and loses puck.
6:14 of 1st period - Riley Cote is hit by Scott Mayfield and loses puck.
6:35 of 1st period - Slapshot by Riley Armstrong.
6:35 of 1st period - Stopped by Jhonas Enroth with a rebound.
6:37 of 1st period - Wrist shot by Reilly Smith.
6:37 of 1st period - Stopped by Jhonas Enroth without a rebound.
6:38 of 1st period - Ryan White wins face-off versus Riley Armstrong in Monarchs zone.
6:50 of 1st period - Wrist shot by Riley Armstrong.
6:50 of 1st period - Stopped by Jhonas Enroth with a rebound.
7:29 of 1st period - Snap shot by Jerome Samson.
7:29 of 1st period - Deflect By Cam Atkinson.
7:29 of 1st period - Shot Misses the Net.
7:29 of 1st period - Puck is out of play.
7:30 of 1st period - Tyler Toffoli wins face-off versus Riley Nash in Monarchs zone.
7:52 of 1st period - Wrist shot by Jerome Samson.
7:52 of 1st period - Stopped by Jhonas Enroth without a rebound.
7:53 of 1st period - Shawn Matthias wins face-off versus Eric Wellwood in Monarchs zone.
8:04 of 1st period - Snap shot by Justin Williams.
8:04 of 1st period - Stopped by Peter Mannino without a rebound.
8:05 of 1st period - Shawn Matthias wins face-off versus Riley Armstrong in Mustangs zone.
8:06 of 1st period - Snap shot by Justin Williams.
8:06 of 1st period - Goal by Justin Williams - Mustangs : 1 - Monarchs : 3.
8:07 of 1st period - Riley Armstrong wins face-off versus Shawn Matthias in neutral zone.
8:20 of 1st period - Wrist shot by Riley Armstrong.
8:20 of 1st period - Shot Misses the Net.
8:48 of 1st period - Snap shot by Ryan Keller.
8:48 of 1st period - Stopped by Jhonas Enroth without a rebound.
8:49 of 1st period - Jim O'Brien wins face-off versus Zac Rinaldo in Monarchs zone.
8:50 of 1st period - Snap shot by J.T. Wyman.
8:50 of 1st period - Stopped by Jhonas Enroth with a rebound.
9:02 of 1st period - Snap shot by Riley Cote.
9:02 of 1st period - Shot Hit the Post.
9:04 of 1st period - Snap shot by Kris Russell.
9:04 of 1st period - Shot Misses the Net.
9:14 of 1st period - Mark Pysyk is hit by Cam Atkinson and loses puck.
10:08 of 1st period - Slapshot by Ryan White.
10:08 of 1st period - Stopped by Peter Mannino without a rebound.
10:09 of 1st period - Rick Schofield wins face-off versus Tyler Toffoli in Mustangs zone.
10:19 of 1st period - Icing by Brent Sopel.
10:20 of 1st period - Riley Armstrong wins face-off versus Tyler Toffoli in Monarchs zone.
10:36 of 1st period - Icing by Riley Armstrong.
10:37 of 1st period - Shawn Matthias wins face-off versus Riley Armstrong in Mustangs zone.
11:48 of 1st period - Slapshot by Cam Atkinson.
11:48 of 1st period - Stopped by Peter Mannino with a rebound.
11:50 of 1st period - Slapshot by Cam Atkinson.
11:50 of 1st period - Stopped by Peter Mannino with a rebound.
12:12 of 1st period - Slapshot by Shawn Matthias.
12:12 of 1st period - Stopped by Peter Mannino with a rebound.
12:14 of 1st period - Snap shot by Kyle Clifford.
12:14 of 1st period - Stopped by Peter Mannino with a rebound.
12:25 of 1st period - Icing by Riley Cote.
12:26 of 1st period - Rick Schofield wins face-off versus Zac Rinaldo in Monarchs zone.
13:05 of 1st period - Kris Russell is hit by Riley Armstrong.
14:03 of 1st period - Wrist shot by Ryan White.
14:03 of 1st period - Stopped by Peter Mannino with a rebound.
14:08 of 1st period - Off-side.
14:09 of 1st period - Shawn Matthias wins face-off versus Riley Armstrong in neutral zone.
14:18 of 1st period - Wrist shot by Shawn Matthias.
14:18 of 1st period - Deflect By Riley Armstrong.
14:18 of 1st period - Stopped by Peter Mannino without a rebound.
14:19 of 1st period - Riley Armstrong wins face-off versus Shawn Matthias in Mustangs zone.
14:19 of 1st period - Riley Armstrong is hit by Shawn Matthias.
14:51 of 1st period - Wrist shot by Kyle Clifford.
14:51 of 1st period - Shot Misses the Net.
14:55 of 1st period - Snap shot by Kyle Clifford.
14:55 of 1st period - Stopped by Peter Mannino with a rebound.
14:57 of 1st period - Slapshot by Brent Sopel.
14:57 of 1st period - Deflect By Justin Williams.
14:57 of 1st period - Shot Misses the Net.
14:57 of 1st period - Puck is out of play.
14:58 of 1st period - Rick Schofield wins face-off versus Tyler Toffoli in Mustangs zone.
15:55 of 1st period - Slapshot by Tyson Barrie.
15:55 of 1st period - Shot Misses the Net.
15:57 of 1st period - Snap shot by Alexandre Grenier.
15:57 of 1st period - Stopped by Peter Mannino with a rebound.
16:44 of 1st period - Riley Nash is hit by Cam Atkinson and loses puck.
16:55 of 1st period - Riley Cote is hit by Brandon Saad and loses puck.
17:18 of 1st period - Slapshot by Theo Peckham.
17:18 of 1st period - Stopped by Peter Mannino with a rebound.
17:37 of 1st period - Off-side.
17:38 of 1st period - Shawn Matthias wins face-off versus Rick Schofield in neutral zone.
17:53 of 1st period - Wrist shot by Shawn Matthias.
17:53 of 1st period - Stopped by Peter Mannino with a rebound.
17:55 of 1st period - Slapshot by Matt Tennyson.
17:55 of 1st period - Deflect By Shawn Matthias.
17:55 of 1st period - Shot Misses the Net.
17:55 of 1st period - Puck is out of play.
17:56 of 1st period - Tyler Toffoli wins face-off versus Riley Armstrong in Mustangs zone.
18:01 of 1st period - Snap shot by Matt Martin.
18:01 of 1st period - Stopped by Peter Mannino without a rebound.
18:02 of 1st period - Tyler Toffoli wins face-off versus Riley Armstrong in Mustangs zone.
18:03 of 1st period - Snap shot by Cam Atkinson.
18:03 of 1st period - Goal by Cam Atkinson - Mustangs : 1 - Monarchs : 4.
18:04 of 1st period - Tyler Toffoli wins face-off versus Eric Wellwood in neutral zone.
18:07 of 1st period - Slapshot by Brent Sopel.
18:07 of 1st period - Deflect By Tyler Toffoli.
18:07 of 1st period - Deflect By Riley Armstrong.
18:07 of 1st period - Shot Misses the Net.
18:07 of 1st period - Puck is out of play.
18:08 of 1st period - Tyler Toffoli wins face-off versus Riley Armstrong in Mustangs zone.
18:49 of 1st period - Snap shot by Matt Martin.
18:49 of 1st period - Deflect By Tyler Toffoli.
18:49 of 1st period - Shot Misses the Net.
18:49 of 1st period - Puck is out of play.
18:50 of 1st period - Shawn Matthias wins face-off versus Rick Schofield in Mustangs zone.
19:21 of 1st period - Wrist shot by Riley Cote.
19:21 of 1st period - Stopped by Peter Mannino with a rebound.
19:41 of 1st period - Snap shot by J.T. Wyman.
19:41 of 1st period - Shot Misses the Net.
19:59 of 1st period - Snap shot by Riley Nash.
19:59 of 1st period - Stopped by Jhonas Enroth with a rebound.
Goals for this period are 1 for Mustangs vs 4 for Monarchs .
Shots for this period are 14 for Mustangs vs 21 for Monarchs .
2nd period
0:01 of 2nd period - Riley Armstrong wins face-off versus Shawn Matthias in neutral zone.
0:08 of 2nd period - Slapshot by Riley Armstrong.
0:08 of 2nd period - Stopped by Jhonas Enroth with a rebound.
0:26 of 2nd period - Slapshot by Tyler Toffoli.
0:26 of 2nd period - Shot Blocked by Cameron Gaunce.
0:28 of 2nd period - Slapshot by Theo Peckham.
0:28 of 2nd period - Shot Blocked by Cameron Gaunce.
0:30 of 2nd period - Wrist shot by Matt Martin.
0:30 of 2nd period - Shot Blocked by Cameron Gaunce.
0:32 of 2nd period - Wrist shot by Tyler Toffoli.
0:32 of 2nd period - Goal by Tyler Toffoli - Mustangs : 1 - Monarchs : 5.
0:32 of 2nd period - Chet Pickard enters game.
0:33 of 2nd period - Shawn Matthias wins face-off versus Riley Armstrong in neutral zone.
0:48 of 2nd period - Wrist shot by Justin Williams.
0:48 of 2nd period - Stopped by Chet Pickard without a rebound.
0:49 of 2nd period - Rick Schofield wins face-off versus Tyler Toffoli in Mustangs zone.
0:56 of 2nd period - Snap shot by Ryan Keller.
0:56 of 2nd period - Stopped by Jhonas Enroth with a rebound.
1:59 of 2nd period - Snap shot by Ryan White.
1:59 of 2nd period - Shot Misses the Net.
2:01 of 2nd period - Wrist shot by Tyler McNeely.
2:01 of 2nd period - Shot Misses the Net.
2:03 of 2nd period - Slapshot by Tom Gilbert.
2:03 of 2nd period - Stopped by Chet Pickard with a rebound.
2:33 of 2nd period - Justin Williams is hit by Mark Pysyk and loses puck.
2:56 of 2nd period - Snap shot by J.T. Wyman.
2:56 of 2nd period - Shot Misses the Net.
3:01 of 2nd period - Icing by Zac Rinaldo.
3:02 of 2nd period - Zac Rinaldo wins face-off versus Riley Armstrong in Monarchs zone.
3:06 of 2nd period - Reilly Smith beats up Zac Rinaldo.
3:06 of 2nd period - Penalty to Zac Rinaldo for Fighting.
3:06 of 2nd period - Penalty to Reilly Smith for Fighting.
3:06 of 2nd period - Penalty to Zac Rinaldo for instigated a fight.
3:06 of 2nd period - Penalty to Zac Rinaldo for instigated a fight.
3:07 of 2nd period - Riley Armstrong wins face-off versus Riley Cote in Monarchs zone.
3:12 of 2nd period - Snap shot by J.T. Wyman.
3:12 of 2nd period - Shot Misses the Net.
3:18 of 2nd period - Slapshot by Eric Wellwood.
3:18 of 2nd period - Stopped by Jhonas Enroth without a rebound.
3:19 of 2nd period - Riley Cote wins face-off versus Riley Armstrong in Monarchs zone.
4:19 of 2nd period - Eric Wellwood is hit by Tom Gilbert.
4:51 of 2nd period - Brent Sopel is hit by Cameron Gaunce.
5:01 of 2nd period - Brent Sopel is hit by Marcus Foligno and loses puck.
5:06 of 2nd period - Penalty to Zac Rinaldo is over, Alexandre Grenier is send on ice.
5:42 of 2nd period - Cam Atkinson is hit by Eric Knodel.
6:56 of 2nd period - Shawn Matthias is hit by Eric Knodel and loses puck.
7:07 of 2nd period - Snap shot by Cam Atkinson.
7:07 of 2nd period - Shot Misses the Net.
7:15 of 2nd period - Tyler Toffoli is hit by Riley Nash and loses puck.
8:50 of 2nd period - Snap shot by Riley Nash.
8:50 of 2nd period - Shot Misses the Net.
8:56 of 2nd period - Minor Penalty to Cam Atkinson for Tripping.
8:57 of 2nd period - Riley Armstrong wins face-off versus Riley Cote in Monarchs zone.
9:10 of 2nd period - Slapshot by Reilly Smith.
9:10 of 2nd period - Shot Misses the Net.
9:22 of 2nd period - Brent Sopel is hit by Marcus Foligno and loses puck.
9:33 of 2nd period - Rick Schofield is hit by Tyler McNeely and loses puck.
10:56 of 2nd period - Penalty to Cam Atkinson is over, Cam Atkinson is back on ice.
11:24 of 2nd period - Snap shot by Tyler McNeely.
11:24 of 2nd period - Stopped by Chet Pickard with a rebound.
11:35 of 2nd period - Icing by Joe Morrow.
11:36 of 2nd period - Kyle Clifford wins face-off versus Jim O'Brien in Monarchs zone.
11:36 of 2nd period - Kyle Clifford is hit by Scott Mayfield.
11:48 of 2nd period - Snap shot by Justin Williams.
11:48 of 2nd period - Stopped by Chet Pickard with a rebound.
12:06 of 2nd period - Wrist shot by Reilly Smith.
12:06 of 2nd period - Shot Misses the Net.
12:08 of 2nd period - Snap shot by Riley Armstrong.
12:08 of 2nd period - Shot Blocked by Brent Sopel.
12:18 of 2nd period - Cameron Gaunce is hit by Kyle Clifford and loses puck.
12:39 of 2nd period - Tom Gilbert is hit by Joe Finley and loses puck.
12:46 of 2nd period - Cameron Gaunce is hit by Matt Martin and loses puck.
12:53 of 2nd period - Snap shot by Joe Finley.
12:53 of 2nd period - Shot Blocked by Kris Russell.
12:55 of 2nd period - Wrist shot by Marcus Foligno.
12:55 of 2nd period - Goal by Marcus Foligno - Mustangs : 2 - Monarchs : 5.
12:56 of 2nd period - Riley Armstrong wins face-off versus Alexandre Grenier in neutral zone.
12:59 of 2nd period - Snap shot by Eric Wellwood.
12:59 of 2nd period - Shot Misses the Net.
13:59 of 2nd period - J.T. Wyman is hit by Riley Cote.
14:00 of 2nd period - J.T. Wyman from Mustangs is injured at 14:00 of 2nd period (Right Hand).
14:01 of 2nd period - Riley Armstrong wins face-off versus Tyler Toffoli in Mustangs zone.
15:32 of 2nd period - Kyle Clifford is hit by Marcus Foligno.
16:25 of 2nd period - Slapshot by Riley Nash.
16:25 of 2nd period - Shot Blocked by Brent Sopel.
17:31 of 2nd period - Ryan Keller is hit by Alexandre Grenier and loses puck.
18:06 of 2nd period - 10 Minutes Misconduct Penalty to Zac Rinaldo is over.
19:33 of 2nd period - Wrist shot by Rick Schofield.
19:33 of 2nd period - Shot Misses the Net.
Goals for this period are 1 for Mustangs vs 1 for Monarchs .
Shots for this period are 4 for Mustangs vs 5 for Monarchs .
3rd period
0:01 of 3rd period - Riley Armstrong wins face-off versus Tyler Toffoli in neutral zone.
0:04 of 3rd period - Wrist shot by Cameron Gaunce.
0:04 of 3rd period - Shot Blocked by Matt Tennyson.
1:09 of 3rd period - Slapshot by Tyler McNeely.
1:09 of 3rd period - Shot Blocked by Cameron Gaunce.
1:53 of 3rd period - Snap shot by Kyle Clifford.
1:53 of 3rd period - Stopped by Chet Pickard without a rebound.
1:54 of 3rd period - Tyler Toffoli wins face-off versus Rick Schofield in Mustangs zone.
1:57 of 3rd period - Wrist shot by Cam Atkinson.
1:57 of 3rd period - Shot Misses the Net.
1:59 of 3rd period - Wrist shot by Matt Martin.
1:59 of 3rd period - Stopped by Chet Pickard with a rebound.
2:01 of 3rd period - Wrist shot by Matt Martin.
2:01 of 3rd period - Goal by Matt Martin - Mustangs : 2 - Monarchs : 6.
2:02 of 3rd period - Riley Armstrong wins face-off versus Shawn Matthias in neutral zone.
2:15 of 3rd period - Snap shot by Reilly Smith.
2:15 of 3rd period - Stopped by Jhonas Enroth without a rebound.
2:16 of 3rd period - Riley Armstrong wins face-off versus Tyler Toffoli in Monarchs zone.
3:39 of 3rd period - Off-side.
3:40 of 3rd period - Tyler Toffoli wins face-off versus Rick Schofield in neutral zone.
4:52 of 3rd period - Riley Nash is hit by Matt Martin and loses puck.
5:07 of 3rd period - Wrist shot by Riley Nash.
5:07 of 3rd period - Shot Misses the Net.
5:09 of 3rd period - Wrist shot by Jim O'Brien.
5:09 of 3rd period - Stopped by Jhonas Enroth with a rebound.
5:22 of 3rd period - Icing by Marcus Foligno.
5:23 of 3rd period - Reilly Smith wins face-off versus Kyle Clifford in Mustangs zone.
5:55 of 3rd period - Snap shot by Cam Atkinson.
5:55 of 3rd period - Shot Misses the Net.
5:57 of 3rd period - Wrist shot by Cam Atkinson.
5:57 of 3rd period - Shot Misses the Net.
6:35 of 3rd period - Snap shot by Jerome Samson.
6:35 of 3rd period - Shot Misses the Net.
6:37 of 3rd period - Wrist shot by Jerome Samson.
6:37 of 3rd period - Stopped by Jhonas Enroth with a rebound.
6:49 of 3rd period - Ryan White is hit by Scott Mayfield and loses puck.
7:02 of 3rd period - Ryan Keller is hit by Tyler Toffoli and loses puck.
7:45 of 3rd period - Snap shot by Jerome Samson.
7:45 of 3rd period - Deflect By Riley Nash.
7:45 of 3rd period - Stopped by Jhonas Enroth with a rebound.
7:47 of 3rd period - Slapshot by Cameron Gaunce.
7:47 of 3rd period - Stopped by Jhonas Enroth without a rebound.
7:48 of 3rd period - Shawn Matthias wins face-off versus Riley Nash in Monarchs zone.
8:39 of 3rd period - Slapshot by Marcus Foligno.
8:39 of 3rd period - Stopped by Jhonas Enroth with a rebound.
8:41 of 3rd period - Snap shot by Rick Schofield.
8:41 of 3rd period - Stopped by Jhonas Enroth without a rebound.
8:42 of 3rd period - Rick Schofield wins face-off versus Ryan White in Monarchs zone.
8:45 of 3rd period - Wrist shot by Marcus Foligno.
8:45 of 3rd period - Stopped by Jhonas Enroth without a rebound.
8:46 of 3rd period - Shawn Matthias wins face-off versus Rick Schofield in Monarchs zone.
8:59 of 3rd period - Slapshot by Marcus Foligno.
8:59 of 3rd period - Shot Misses the Net.
9:12 of 3rd period - Off-side.
9:13 of 3rd period - Cam Atkinson wins face-off versus Riley Armstrong in neutral zone.
9:38 of 3rd period - Matt Tennyson is hit by Mark Pysyk and loses puck.
10:03 of 3rd period - Snap shot by Zac Rinaldo.
10:03 of 3rd period - Stopped by Chet Pickard without a rebound.
10:04 of 3rd period - Tyler Toffoli wins face-off versus Jim O'Brien in Mustangs zone.
10:11 of 3rd period - Snap shot by Matt Martin.
10:11 of 3rd period - Deflect By Cam Atkinson.
10:11 of 3rd period - Stopped by Chet Pickard with a rebound.
10:35 of 3rd period - Cameron Gaunce is hit by Justin Williams and loses puck.
10:54 of 3rd period - Wrist shot by Riley Cote.
10:54 of 3rd period - Shot Misses the Net.
10:56 of 3rd period - Slapshot by Tyson Barrie.
10:56 of 3rd period - Stopped by Chet Pickard with a rebound.
10:58 of 3rd period - Slapshot by Riley Cote.
10:58 of 3rd period - Goal by Riley Cote - Mustangs : 2 - Monarchs : 7.
10:59 of 3rd period - Shawn Matthias wins face-off versus Riley Armstrong in neutral zone.
11:29 of 3rd period - Backhand shot by Cam Atkinson.
11:29 of 3rd period - Shot Misses the Net.
11:31 of 3rd period - Snap shot by Cam Atkinson.
11:31 of 3rd period - Shot Misses the Net.
11:33 of 3rd period - Slapshot by Matt Tennyson.
11:33 of 3rd period - Shot Misses the Net.
11:35 of 3rd period - Slapshot by Matt Tennyson.
11:35 of 3rd period - Deflect By Ryan Keller.
11:35 of 3rd period - Stopped by Chet Pickard without a rebound.
11:36 of 3rd period - Riley Armstrong wins face-off versus Zac Rinaldo in Mustangs zone.
11:45 of 3rd period - Riley Cote is hit by Riley Armstrong and loses puck.
12:14 of 3rd period - Slapshot by Alexandre Grenier.
12:14 of 3rd period - Shot Blocked by Jim O'Brien.
12:52 of 3rd period - Snap shot by Brent Sopel.
12:52 of 3rd period - Shot Misses the Net.
12:54 of 3rd period - Backhand shot by Tyler Toffoli.
12:54 of 3rd period - Deflect By Matt Martin.
12:54 of 3rd period - Shot Misses the Net.
12:54 of 3rd period - Puck is out of play.
12:55 of 3rd period - Riley Armstrong wins face-off versus Kyle Clifford in Mustangs zone.
13:00 of 3rd period - Wrist shot by Reilly Smith.
13:00 of 3rd period - Stopped by Jhonas Enroth with a rebound.
13:02 of 3rd period - Wrist shot by Reilly Smith.
13:02 of 3rd period - Shot Blocked by Shawn Matthias.
13:04 of 3rd period - Slapshot by Cameron Gaunce.
13:04 of 3rd period - Deflect By Brent Sopel.
13:04 of 3rd period - Stopped by Jhonas Enroth without a rebound.
13:05 of 3rd period - Riley Armstrong wins face-off versus Shawn Matthias in Monarchs zone.
13:06 of 3rd period - Snap shot by Reilly Smith.
13:06 of 3rd period - Stopped by Jhonas Enroth without a rebound.
13:07 of 3rd period - Riley Armstrong wins face-off versus Shawn Matthias in Monarchs zone.
13:32 of 3rd period - Matt Tennyson is hit by Marcus Foligno.
13:38 of 3rd period - Wrist shot by Tyler Toffoli.
13:38 of 3rd period - Deflect By Matt Martin.
13:38 of 3rd period - Goal by Matt Martin - Mustangs : 2 - Monarchs : 8.
13:39 of 3rd period - Riley Armstrong wins face-off versus Shawn Matthias in neutral zone.
14:04 of 3rd period - Matt Martin is hit by Marcus Foligno.
14:10 of 3rd period - Wrist shot by Tyson Barrie.
14:10 of 3rd period - Shot Misses the Net.
14:50 of 3rd period - Snap shot by Andrew Shaw.
14:50 of 3rd period - Shot Misses the Net.
14:56 of 3rd period - Wrist shot by Jerome Samson.
14:56 of 3rd period - Stopped by Jhonas Enroth without a rebound.
14:57 of 3rd period - Rick Schofield wins face-off versus Shawn Matthias in Monarchs zone.
15:00 of 3rd period - Slapshot by Ryan Keller.
15:00 of 3rd period - Deflect By Shawn Matthias.
15:00 of 3rd period - Stopped by Jhonas Enroth with a rebound.
15:11 of 3rd period - Snap shot by Rick Schofield.
15:11 of 3rd period - Deflect By Justin Williams.
15:11 of 3rd period - Shot Blocked by Matt Tennyson.
15:11 of 3rd period - Puck is out of play.
15:12 of 3rd period - Riley Armstrong wins face-off versus Tyler Toffoli in Monarchs zone.
15:23 of 3rd period - Slapshot by Brent Sopel.
15:23 of 3rd period - Shot Misses the Net.
15:25 of 3rd period - Snap shot by Matt Martin.
15:25 of 3rd period - Stopped by Chet Pickard with a rebound.
15:27 of 3rd period - Slapshot by Matt Tennyson.
15:27 of 3rd period - Stopped by Chet Pickard with a rebound.
16:00 of 3rd period - Snap shot by Zac Rinaldo.
16:00 of 3rd period - Shot Misses the Net.
16:27 of 3rd period - Jerome Samson is hit by Tyler McNeely and loses puck.
16:46 of 3rd period - Cam Atkinson is hit by Marcus Foligno and loses puck.
16:54 of 3rd period - Minor Penalty to Brent Sopel for High sticking.
16:55 of 3rd period - Riley Cote wins face-off versus Reilly Smith in Monarchs zone.
16:55 of 3rd period - Riley Cote is hit by Riley Armstrong.
17:11 of 3rd period - Snap shot by Reilly Smith.
17:11 of 3rd period - Stopped by Jhonas Enroth with a rebound.
18:54 of 3rd period - Penalty to Brent Sopel is over, Brent Sopel is back on ice.
19:11 of 3rd period - Snap shot by Kyle Clifford.
19:11 of 3rd period - Stopped by Chet Pickard with a rebound.
19:13 of 3rd period - Snap shot by Riley Cote.
19:13 of 3rd period - Shot Misses the Net.
19:15 of 3rd period - Snap shot by Brent Sopel.
19:15 of 3rd period - Stopped by Chet Pickard without a rebound.
19:16 of 3rd period - Ryan White wins face-off versus Riley Nash in Mustangs zone.
19:41 of 3rd period - Jerome Samson is hit by Kris Russell and loses puck.
19:58 of 3rd period - Brandon Saad is hit by Brent Sopel and loses puck.
Goals for this period are 0 for Mustangs vs 3 for Monarchs .
Shots for this period are 14 for Mustangs vs 13 for Monarchs .
Back to the Top